 Dungeon Crawl Stone Soup version 0.28.0-53-g5a82cb258f (webtiles) character file.

Game seed: 15182949906965319292

103 Zeld the Magician (level 4, -6/24 HPs)
             Began as a Deep Elf Fire Elementalist on May 22, 2022.
             Mangled by a gnoll
             ... wielding a +0 halberd
              (15 damage)
             ... on level 3 of the Dungeon.
             The game lasted 00:02:39 (3254 turns).

Zeld the Magician (Deep Elf Fire Elementalist)      Turns: 3254, Time: 00:02:39

Health: -6/24      AC:  2    Str:  5    XL:     4   Next: 51%
Magic:  0/12       EV: 12    Int: 22    God:
Gold:   151        SH:  0    Dex: 15    Spells: 6/12 levels left

rFire   . . .      SeeInvis .   (no weapon)
rCold   . . .      Faith    .   (no shield)
rNeg    . . .      Spirit   .   a - +0 robe
rPois   .          Reflect  .   (no helmet)
rElec   .          Harm     .   (no cloak)
rCorr   .          Rampage  .   (no gloves)
Will    .....                   (no boots)
Stlth   ++........              (no amulet)
HPRegen 0.08/turn               (no ring)
MPRegen 0.13/turn               (no ring)

@: no status effects
A: no striking features
a: no special abilities


You were on level 3 of the Dungeon.
You visited 1 branch of the dungeon, and saw 4 of its levels.

You collected 151 gold pieces.

Inventory:

Armour
 a - a +0 robe (worn)
Jewellery
 e - a ring of protection from cold
Scrolls
 b - a scroll of vulnerability {unknown}
 d - 3 scrolls of identify {unknown}
 h - a scroll of noise {unknown}
 k - 3 scrolls of fog {unknown}
Potions
 c - 2 potions of brilliance {unknown}
 f - a potion of cancellation {unknown}
 g - a potion of attraction {unknown}
 i - a potion of curing {unknown}
 j - a potion of ambrosia {unknown}


   Skills:
 - Level 2.4 Dodging
 - Level 2.4 Stealth
 * Level 4.6 Spellcasting
 + Level 2.1 Conjurations
 + Level 1.4 Hexes
 * Level 4.4 Fire Magic


You had 6 spell levels left.
You knew the following spells:

 Your Spells              Type           Power      Damage    Failure   Level
a - Foxfire               Conj/Fire      76%        2x1d7     2%          1
b - Scorch                Fire           48%        2d7       2%          2
c - Inner Flame           Hex/Fire       17%        N/A       10%         3

Your spell library contained the following spells:

 Spells                   Type           Power      Damage    Failure   Level
 Conjure Flame            Conj/Fire      19%        6-21      9%          3
 Flame Wave               Conj/Fire      19%        2d6       26%         4


Dungeon Overview and Level Annotations

Branches:
Dungeon (4/15)
 Temple: D:4-7

Altars:
Makhleb
Qazlal
Wu Jian
Beogh

Shops:
D:3 :

Annotations:
D:4 Ijyb


Message History

Casting: Scorch (safe; 2% risk of failure)
Confirm with . or Enter, or press ? or * to list all spells.
Flames lash the gnoll.
The gnoll is burned terribly!
You kill the gnoll!
Casting: Scorch (safe; 2% risk of failure)
Confirm with . or Enter, or press ? or * to list all spells.
Flames lash the gnoll.
The gnoll is moderately wounded.
The gnoll's fire resistance burns away.
You hear an angry hiss.
Casting: Scorch (safe; 2% risk of failure)
Confirm with . or Enter, or press ? or * to list all spells.
You don't have enough magic to cast this spell.
Casting: Scorch (safe; 2% risk of failure)
Confirm with . or Enter, or press ? or * to list all spells.
You don't have enough magic to cast this spell.
The gnoll closely misses you. The gnoll closely misses you.
The gnoll is no longer more vulnerable to fire.
An adder comes into view.
The gnoll hits you from afar with a +0 halberd!
Ouch! That really hurt!
The adder barely misses you.
Casting: Scorch (safe; 2% risk of failure)
Confirm with . or Enter, or press ? or * to list all spells.
Flames lash the adder.
The adder is heavily wounded.
The adder's fire resistance burns away.
The adder closely misses you.
Unknown command.
The adder bites you. The adder completely misses you. The adder bites you.
Casting: Scorch (safe; 2% risk of failure)
Confirm with . or Enter, or press ? or * to list all spells.
Flames lash the adder.
The adder is severely wounded.
The adder's fire resistance burns away.
The adder barely misses you.
The gnoll hits you from afar with a +0 halberd!
Ouch! That really hurt!
You die...

#...# #.....##.#.. #...#
###...###.####
#...#####.......#.########
#####.........#.....#.##.....#
...............#.#..#.##.....#
....................#........#
.†.............##.#.####.....#
#####...#####.###.#.).##.....#
#...........@...#...⌠...##
#...#########S###.......# #...#
####g####.....## #...####
#.....##.......##
#####...##.###.##.##.........##
....#...#.#g##.##.#...........#
#.#.##.#.###.#.####....#≈#§...###
#.†.g..## ##..##÷'....≈_≈§...'_#
#.#..###.###....###....#≈#....###


You could see a gnoll and an adder (combustible).

Vanquished Creatures
  3 gnolls
  7 orcs
  7 ball pythons
  9 endoplasms
  2 giant cockroaches (D:1)
  7 goblins
  4 hobgoblins
  4 jackals (D:3)
  6 bats
  7 frilled lizards
  4 kobolds
  2 rats (D:3)
62 creatures vanquished.

Vanquished Creatures (others)
  27 foxfires (D:1)
27 creatures vanquished.

Grand Total: 89 creatures vanquished

Notes
Turn   | Place    | Note
-------+----------+-------------------------------------------
     0 | D:1      | Zeld the Deep Elf Fire Elementalist began the quest for the
                  | Orb.
     0 | D:1      | Reached XP level 1. HP: 10/10 MP: 6/6
   300 | D:1      | Reached XP level 2. HP: 15/15 MP: 5/8
   360 | D:1      | Learned a level 2 spell: Scorch
   723 | D:1      | Reached XP level 3. HP: 19/19 MP: 7/10
   727 | D:1      | Learned a level 3 spell: Inner Flame
  1903 | D:2      | You fall into a shaft and drop 2 floors!
  1911 | D:4      | Found an ornate altar of the Wu Jian Council.
  1920 | D:4      | Found a burning altar of Makhleb.
  2132 | D:4      | Noticed Ijyb
  2342 | D:3      | Found Vaaget's Book Emporium.
  2549 | D:3      | Found a stormy altar of Qazlal.
  2646 | D:3      | Reached skill level 1 in Hexes
  2646 | D:3      | Reached XP level 4. HP: 24/24 MP: 9/12
  3141 | D:3      | Found a faded altar of an unknown god.
  3254 | D:3      | Mangled by a gnoll

Illustrated notes

Levels and vault maps discovered:
D:1:      amcnicky_arrival_gap_in_the_tavern_cellar, layout_basic,
          kennysheep_crisscross
D:2:      layout_basic, kennysheep_generic_room_15
D:3:      layout_loops_cross, lemuel_doored_altar,
          hellmonk_ecumenical_altar_defaced_shrine, serial_shops, shop,
          due_unseen_surprise
D:4:      layout_basic, mainiacjoe_overflow_24_doors, lemuel_crystal_altar,
          uniq_ijyb, uniq_edmund

Skill      XL: |  1  2  3 |
---------------+----------+-----
Spellcasting   | 4 |  4.6
Fire Magic     | 4 |  4.4
Conjurations   | 2 |  2.1
Hexes          | 1 |  1.4
Dodging        | |  2.4
Stealth        | |  2.4

Action                   |  1- 3 |  4- 6 || total
-------------------------+-------+-------++-------
Melee: Unarmed           |    35 |     1 ||    36
 Cast: Foxfire           |    22 |       ||    22
       Scorch            |    45 |    23 ||    68
 Stab: Sleeping          |     1 |       ||     1
Armor: Robe              |     5 |       ||     5
Dodge: Dodged            |    33 |    12 ||    45
